3179 views
Uploaded 2020-04-28 05:34:36
Game version 1.32.3
12:46 long 2on2 ladder game on (4)TurtleRock
Saved by zebroni
3179 views
Uploaded 2020-04-28 05:34:36
Game version 1.32.3
12:46 long 2on2 ladder game on (4)TurtleRock
54 units @ 7k
/ 1.1k
24 buildings @ 4.2k
/ 1.7k


| Wisp | 12 | 720 | / | 0 |
| Huntress | 10 | 1950 | / | 200 |
| Dryad | 5 | 725 | / | 300 |
| Druid of the Claw | 3 | 765 | / | 240 |
| total: | 30 | 4160g | / | 740w |
| Altar of Elders | 1 | 180 | / | 50 |
| Moon Well | 5 | 900 | / | 200 |
| Hunter's Hall | 1 | 210 | / | 100 |
| Ancient of War | 1 | 150 | / | 60 |
| Ancient of Lore | 2 | 310 | / | 290 |
| Tree of Ages | 1 | 320 | / | 180 |
| Tree of Eternity | 1 | 330 | / | 200 |
| total: | 10 | 1750g | / | 700w |
| 0:02 | Wisp |
| 0:02 | Wisp |
| 0:09 | Altar of Elders |
| 0:21 | Moon Well |
| 0:27 | Wisp |
| 0:31 | Wisp |
| 0:48 | Wisp |
| 0:56 | Wisp |
| 1:02 | Wisp |
| 1:23 | Hunter's Hall |
| 1:30 | Wisp |
| 1:45 | Ancient of War |
| 1:49 | Wisp |
| 1:57 | Moon Well |
| 2:10 | Wisp |
| 2:10 | Wisp |
| 2:20 | Wisp |
| 2:43 | Moon Well |
| 2:50 | Huntress |
| 3:17 | Entangling Roots |
| 3:32 | Huntress |
| 3:34 | Tree of Ages |
| 4:09 | Huntress |
| 4:14 | Strength of the Moon |
| 4:24 | Huntress |
| 4:48 | Huntress |
| 5:15 | Force of Nature |
| 5:31 | Moon Well |
| 5:40 | Huntress |
| 6:01 | Huntress |
| 6:37 | Ancient of Lore |
| 6:45 | Moon Glaive |
| 6:56 | Ancient of Lore |
| 7:03 | Moon Armor |
| 7:24 | Huntress |
| 7:24 | Huntress |
| 7:37 | Searing Arrows |
| 7:45 | Nature's Blessing |
| 7:52 | Huntress |
| 8:13 | Druid of the Claw Adept Training |
| 8:14 | Dryad |
| 8:25 | Dryad |
| 8:36 | Force of Nature |
| 8:47 | Moon Well |
| 8:54 | Tree of Eternity |
| 9:00 | Trueshot Aura |
| 9:57 | Druid of the Claw |
| 10:10 | Dryad |
| 10:10 | Dryad |
| 10:47 | Dryad |
| 11:25 | Druid of the Claw Master Training |
| 11:26 | Druid of the Claw |
| 12:17 | Druid of the Claw |


| Scroll of Healing | 1 | 250 |
| total: | 1 | 250g |
| Wisp | 17 | 1020 | / | 0 |
| Huntress | 4 | 780 | / | 80 |
| Mountain Giant | 3 | 1050 | / | 300 |
| total: | 24 | 2850g | / | 380w |
| Altar of Elders | 1 | 180 | / | 50 |
| Moon Well | 5 | 900 | / | 200 |
| Ancient of War | 3 | 450 | / | 180 |
| Hunter's Hall | 1 | 210 | / | 100 |
| Ancient of Wonders | 1 | 90 | / | 30 |
| Tree of Life | 1 | 340 | / | 185 |
| Ancient of Lore | 2 | 310 | / | 290 |
| Tree of Ages | 1 | 320 | / | 180 |
| Tree of Eternity | 1 | 330 | / | 200 |
| total: | 14 | 2480g | / | 1035w |
| 0:02 | Wisp |
| 0:02 | Wisp |
| 0:08 | Altar of Elders |
| 0:17 | Moon Well |
| 0:19 | Wisp |
| 0:19 | Wisp |
| 0:23 | Wisp |
| 0:30 | Wisp |
| 0:31 | Wisp |
| 0:51 | Wisp |
| 0:56 | Wisp |
| 1:01 | Wisp |
| 1:23 | Wisp |
| 1:39 | Wisp |
| 1:39 | Wisp |
| 1:50 | Ancient of War |
| 1:54 | Hunter's Hall |
| 2:06 | Moon Well |
| 2:23 | Entangling Roots |
| 2:57 | Huntress |
| 3:24 | Tree of Ages |
| 3:28 | Huntress |
| 3:39 | Ultravision |
| 3:42 | Huntress |
| 4:02 | Huntress |
| 5:15 | Moon Well |
| 5:24 | Ancient of Wonders |
| 6:22 | Wisp |
| 6:22 | Wisp |
| 6:24 | Ancient of Lore |
| 6:27 | Ancient of Lore |
| 6:47 | Healing Spray |
| 6:52 | Wisp |
| 6:52 | Wisp |
| 7:13 | Force of Nature |
| 7:25 | Tree of Eternity |
| 7:50 | Moon Well |
| 7:51 | Moon Well |
| 8:09 | Reinforced Hides |
| 8:40 | Tree of Life |
| 8:45 | Acid Bomb |
| 8:54 | Ancient of War |
| 8:56 | Mountain Giant |
| 9:08 | Ancient of War |
| 9:14 | Scroll of Healing |
| 9:44 | Mountain Giant |
| 10:14 | Hardened Skin |
| 10:15 | Resistant Skin |
| 10:27 | Improved Reinforced Hides |
| 11:30 | Mountain Giant |
47 units @ 6.7k
/ 0.7k
35 buildings @ 4.3k
/ 1.6k


| Healing Salve | 4 | 400 |
| Scroll of Speed | 3 | 150 |
| Lesser Clarity Potion | 2 | 140 |
| Dust of Appearance | 1 | 75 |
| Circlet of Nobility | 1 | 175 |
| Potion of Lesser Invulnerability | 1 | 150 |
| total: | 12 | 1090g |
| Peon | 7 | 525 | / | 0 |
| Grunt | 3 | 600 | / | 0 |
| Raider | 2 | 360 | / | 80 |
| Spirit Walker | 4 | 780 | / | 140 |
| Kodo Beast | 2 | 510 | / | 120 |
| total: | 18 | 2775g | / | 340w |
| Altar of Storms | 1 | 180 | / | 50 |
| Orc Burrow | 5 | 800 | / | 200 |
| Voodoo Lounge | 2 | 260 | / | 60 |
| Barracks | 1 | 180 | / | 50 |
| War Mill | 1 | 205 | / | 0 |
| Beastiary | 1 | 145 | / | 140 |
| Tauren Totem | 1 | 135 | / | 155 |
| Stronghold | 1 | 315 | / | 190 |
| Fortress | 1 | 325 | / | 190 |
| total: | 12 | 1905g | / | 655w |
| 0:04 | Peon |
| 0:04 | Peon |
| 0:06 | Altar of Storms |
| 0:21 | Orc Burrow |
| 0:24 | Peon |
| 0:37 | Peon |
| 0:51 | Peon |
| 1:07 | Voodoo Lounge |
| 1:11 | Barracks |
| 1:17 | Peon |
| 1:30 | Peon |
| 1:41 | Orc Burrow |
| 2:19 | Healing Salve |
| 2:19 | Scroll of Speed |
| 2:21 | Grunt |
| 2:22 | Wind Walk |
| 2:40 | Circlet of Nobility |
| 2:42 | Dust of Appearance |
| 3:15 | Stronghold |
| 3:32 | Grunt |
| 3:59 | Healing Salve |
| 3:59 | Scroll of Speed |
| 4:54 | Grunt |
| 4:58 | Orc Burrow |
| 5:16 | Lesser Clarity Potion |
| 5:19 | Healing Salve |
| 5:36 | Critical Strike |
| 5:50 | Beastiary |
| 5:52 | Tauren Totem |
| 6:09 | Berserker Strength |
| 6:56 | Healing Salve |
| 6:57 | Lesser Clarity Potion |
| 6:57 | Scroll of Speed |
| 6:59 | Raider |
| 7:04 | Hex |
| 7:06 | Ensnare |
| 7:09 | War Mill |
| 7:30 | Spirit Walker |
| 7:30 | Spirit Walker Adept Training |
| 7:57 | Spirit Walker |
| 7:59 | Raider |
| 8:01 | Orc Burrow |
| 8:24 | Potion of Lesser Invulnerability |
| 8:54 | Kodo Beast |
| 8:59 | Healing Wave |
| 9:07 | Critical Strike |
| 9:16 | Fortress |
| 9:52 | Spirit Walker |
| 10:22 | Spirit Walker |
| 10:24 | Reinforced Defenses |
| 10:52 | Voodoo Lounge |
| 10:55 | Orc Burrow |
| 10:56 | Steel Armor |
| 11:35 | Healing Wave |
| 12:00 | Kodo Beast |
| 12:00 | War Drums Damage Increase |
| 12:24 | Wind Walk |


| Scroll of Healing | 3 | 750 |
| Scroll of Protection | 1 | 150 |
| total: | 4 | 900g |
| Peasant | 10 | 750 | / | 0 |
| Footman | 6 | 810 | / | 0 |
| Rifleman | 9 | 1845 | / | 270 |
| Sorceress | 1 | 155 | / | 20 |
| Priest | 3 | 405 | / | 30 |
| total: | 29 | 3965g | / | 320w |
| Scout Tower | 5 | 150 | / | 100 |
| Arcane Tower | 2 | 140 | / | 100 |
| Altar of Kings | 1 | 180 | / | 50 |
| Barracks | 1 | 160 | / | 60 |
| Farm | 10 | 800 | / | 200 |
| Blacksmith | 1 | 140 | / | 60 |
| Arcane Vault | 1 | 130 | / | 30 |
| Town Hall | 1 | 385 | / | 205 |
| Lumber Mill | 1 | 120 | / | 0 |
| Arcane Sanctum | 2 | 300 | / | 280 |
| Keep | 2 | 640 | / | 420 |
| total: | 23 | 2365g | / | 985w |
| 0:02 | Peasant |
| 0:02 | Peasant |
| 0:04 | Altar of Kings |
| 0:18 | Barracks |
| 0:28 | Farm |
| 0:31 | Peasant |
| 0:36 | Peasant |
| 0:49 | Farm |
| 0:51 | Peasant |
| 1:01 | Peasant |
| 1:26 | Footman |
| 1:26 | Footman |
| 1:30 | Farm |
| 1:39 | Peasant |
| 1:39 | Peasant |
| 1:48 | Scout Tower |
| 1:53 | Footman |
| 2:03 | Summon Water Elemental |
| 2:13 | Footman |
| 2:31 | Peasant |
| 2:50 | Footman |
| 3:00 | Keep |
| 3:16 | Footman |
| 3:35 | Blacksmith |
| 3:36 | Farm |
| 3:37 | Farm |
| 3:49 | Arcane Tower |
| 3:52 | Farm |
| 4:32 | Rifleman |
| 4:42 | Brilliance Aura |
| 4:59 | Rifleman |
| 5:08 | Rifleman |
| 5:22 | Arcane Sanctum |
| 5:30 | Arcane Sanctum |
| 5:43 | Rifleman |
| 5:44 | Farm |
| 6:40 | Sorceress |
| 6:47 | Black Gunpowder |
| 7:03 | Arcane Vault |
| 7:39 | Summon Water Elemental |
| 7:40 | Storm Bolt |
| 7:40 | Priest |
| 7:43 | Farm |
| 7:54 | Farm |
| 7:59 | Priest |
| 8:08 | Rifleman |
| 8:23 | Rifleman |
| 8:43 | Scroll of Healing |
| 8:43 | Scroll of Healing |
| 9:19 | Refined Gunpowder |
| 9:24 | Scroll of Healing |
| 9:35 | Scroll of Protection |
| 10:02 | Rifleman |
| 10:04 | Farm |
| 10:34 | Town Hall |
| 10:36 | Scout Tower |
| 10:39 | Scout Tower |
| 10:53 | Rifleman |
| 11:20 | Bash |
| 11:25 | Priest |
| 11:48 | Brilliance Aura |
| 12:06 | Priest Adept Training |
| 12:21 | Rifleman |
| 12:25 | Lumber Mill |
| 12:31 | Arcane Tower |
| 12:38 | Scout Tower |
| 12:39 | Scout Tower |
| 12:42 | Peasant |
⇛